 Dungeon Crawl Stone Soup version 0.21.1-1-g345015f (webtiles) character file.

4604 equizz the Frost Mage (level 10, -6/71 HPs)
             Began as a Merfolk Ice Elementalist on Mar 28, 2018.
             Was a Believer of Sif Muna.
             Mangled by a spiny frog (18 damage)
             ... on level 8 of the Dungeon on Apr 27, 2018.
             The game lasted 02:43:24 (10138 turns).

equizz the Frost Mage (Merfolk Ice Elementalist)   Turns: 10138, Time: 02:43:29

Health: -6/71      AC: 13    Str:  9    XL:     10   Next: 42%
Magic:  5/21       EV: 16    Int: 18    God:    Sif Muna [**....]
Gold:   492        SH:  4    Dex: 14    Spells: 1/24 levels left

rFire    x . .     SeeInvis .   M - +5 halberd
rCold    + + .     Gourm    .   (shield currently unavailable)
rNeg     . . .     Faith    .   a - +0 robe
rPois    .         Spirit   .   (no helmet)
rElec    .         Reflect  +   (no cloak)
rCorr    .         Harm     .   n - +2 pair of gloves
MR       .....                  (no boots)
Stlth    ++........             i - +4 amulet of reflection
HPRegen  0.21/turn              r - ring of protection from cold
MPRegen  0.17/turn              x - ring of ice

@: lethally poisoned (-6 -> -27), icy armour, about to teleport, slow
A: change form in water, swift swim, stealthy swim
a: Divine Energy, Renounce Religion


You were on level 8 of the Dungeon.
You worshipped Sif Muna.
Sif Muna was pleased with you.
You were not hungry.

You visited 3 branches of the dungeon, and saw 10 of its levels.

You collected 492 gold pieces.

Inventory:

Hand Weapons
 f - a +4 short sword of venom
 G - a +3 blowgun
 L - a +4 scimitar of freezing
 M - a +5 halberd (weapon)
 N - a +4 spear
Missiles
 l - 4 javelins of returning (quivered)
 s - 17 javelins
 H - 6 curare-tipped needles
Armour
 a - a +0 robe (worn)
 n - a +2 pair of gloves (worn)
 z - a +0 chain mail of magic resistance
Jewellery
 i - a +4 amulet of reflection (around neck)
 r - a ring of protection from cold (left hand)
 x - a ring of ice (right hand)
 O - an uncursed ring of protection from cold
Wands
 h - a wand of acid (8)
 y - a wand of disintegration (21)
 A - a wand of iceblast (12)
 D - a wand of clouds (4)
 E - a wand of polymorph (5)
Scrolls
 o - a scroll of identify
 v - 3 scrolls of remove curse
 K - 2 scrolls of fear
Potions
 d - 3 potions of resistance
 e - a potion of lignification {unknown}
 g - 4 potions of agility {unknown}
 j - 2 potions of heal wounds
 k - 4 potions of haste
 p - a potion of might
 t - 3 potions of magic {unknown}
 u - 4 potions of curing
 w - 2 potions of flight {unknown}
 B - 2 potions of invisibility {unknown}
 C - a potion of mutation {unknown}
 I - a potion of ambrosia {unknown}
 J - a potion of brilliance {unknown}
Books
 b - a book of Frost

   Spells                             Type                      Level
   a - Freeze                         Ice                          1
   b - Throw Frost                    Conjuration/Ice              2
   c - Ozocubu's Armour               Charms/Ice                   3
   d - Throw Icicle                   Conjuration/Ice              4
   e - Summon Ice Beast               Ice/Summoning                4
 m - a book of Changes

   Spells                             Type                      Level
   a - Beastly Appendage              Transmutation                1
   b - Sticks to Snakes               Transmutation                2
   c - Spider Form                    Transmutation/Poison         3
   d - Ice Form                       Ice/Transmutation            4
   e - Blade Hands                    Transmutation                5
 F - a book of Misfortune

   Spells                             Type                      Level
   a - Confusing Touch                Hexes                        1
   b - Confuse                        Hexes                        3
   c - Gell's Gravitas                Translocation                3
   d - Petrify                        Transmutation/Earth          4
   e - Metabolic Englaciation         Hexes/Ice                    5
   f - Yara's Violent Unravelling     Hexes/Transmutation          5
Comestibles
 c - 9 rations


   Skills:
 + Level 4.0 Fighting
 + Level 3.6 Short Blades
 + Level 5.9 Polearms
 + Level 1.1 Throwing
 + Level 6.5 Dodging
 + Level 3.7 Stealth
 + Level 7.8 Spellcasting
 + Level 2.2 Conjurations
 + Level 3.0 Charms
 + Level 2.6 Summonings
 + Level 8.7 Ice Magic
 + Level 1.1 Evocations


You had one spell level left.
You knew the following spells:

 Your Spells              Type           Power        Failure   Level  Hunger
a - Freeze                Ice            ####         1%          1    None
b - Throw Frost           Conj/Ice       #####.       1%          2    None
c - Ozocubu's Armour      Chrm/Ice       #####...     2%          3    #......
d - Throw Icicle          Conj/Ice       #####...     11%         4    ###....
e - Summon Ice Beast      Ice/Summ       #####...     10%         4    ###....
f - Ice Form              Ice/Tmut       ####....     16%         4    ###....
g - Metabolic Englaciati  Hex/Ice        ####......   41%         5    #####..


Dungeon Overview and Level Annotations

Branches:
Dungeon (8/15)             Temple (1/1) D:5            Lair (1/6) D:8

Altars:
Ashenzari
Cheibriados
Dithmenos
Elyvilon
Hepliaklqana
Makhleb
Okawaru
Ru
Sif Muna
Trog
Wu Jian
Xom
Yredelemnul
Zin
The Shining One

Shops:
D:8 [

Annotations:
Lair:1 Gastronok


Message History

Your ice beast dies!
You block the porcupine's attack. The spiny frog stings you.
You are more poisoned.
The spiny frog poisons you!
You climb upwards.
Welcome back to the Dungeon!
You feel very sick.
There is a staircase to the Lair here.
As you read the scroll of teleportation, it crumbles to dust.
You feel strangely unstable.
You feel sick. The komodo dragon bites you!!
* * * LOW HITPOINT WARNING * * *
The porcupine twitches its whiskers.
You block the porcupine's attack.
The spiny frog stings you but does no damage.
You completely miss the spiny frog.
The spiny frog is severely wounded.
* * * LOW HITPOINT WARNING * * *
You feel very sick. The porcupine closely misses you.
The komodo dragon closely misses you. The spiny frog stings you!!
You die...

### ############.## #
#r@F.##.#.#...#####
###.l..##..........#
##.###.......#.....#.
#..###.#.............
#..'###..#.#...#.....
####(..##..#...####..
#..#.#####...# #..#
##...# #.### ####
##### #### ##


You could see a komodo dragon, a spiny frog and a porcupine.

Vanquished Creatures
  A komodo dragon (Lair:1)
  A hippogriff (Lair:1)
  2 wyverns (D:8)
  A wraith (D:7)
  An orc warrior (D:8)
  A phantom (D:6)
  A sky beast (D:5)
  2 centaurs
  An ogre (D:4)
  A crocodile (D:8)
  3 big kobolds
  5 bullfrogs
  A water moccasin skeleton (D:7)
  3 scorpions
  5 killer bees
  4 wights (D:7)
  A howler monkey (D:4)
  A bullfrog zombie (D:8)
  A centaur zombie (D:7)
  A crimson imp (D:8)
  A quasit (D:7)
  2 jellies (D:6)
  3 orc priests
  4 hounds
  A centaur skeleton (D:4)
  4 orc wizards
  2 iguanas (D:4)
  A bullfrog skeleton (D:5)
  2 worker ants
  A killer bee zombie (D:8)
  A hound skeleton (D:7)
  A howler monkey zombie (D:6)
  8 adders
  3 shadow imps (D:8)
  An ooze (D:6)
  An adder skeleton (D:4)
  A worm (D:2)
  A dart slug (D:2)
  7 leopard geckos
  12 orcs
  3 ball pythons
  7 bats
  7 giant cockroaches
  6 goblins
  2 hobgoblins
  3 jackals (D:4)
  3 quokkas
  7 frilled lizards
  16 kobolds
  A quokka zombie (D:7)
  3 rats
152 creatures vanquished.

Vanquished Creatures (collateral kills)
  2 komodo dragons
  A wyvern (D:8)
  A swamp drake (D:8)
  2 sky beasts
  An ogre (D:5)
  A centaur (D:8)
  A big kobold (D:6)
  2 crocodiles (D:8)
  2 killer bees (D:7)
  A howler monkey (D:6)
  A crimson imp (D:6)
  A jelly (D:6)
  2 adders
  2 orcs (D:7)
  9 kobolds
29 creatures vanquished.

Vanquished Creatures (others)
  A centaur (D:7)
  An orc (D:7)
2 creatures vanquished.

Grand Total: 183 creatures vanquished

Notes
Turn   | Place    | Note
-------+----------+-------------------------------------------
     0 | D:1      | equizz the Merfolk Ice Elementalist began the quest for the Orb.
     0 | D:1      | Reached XP level 1. HP: 13/13 MP: 3/3
   190 | D:1      | Found a shattered altar of Ashenzari.
   204 | D:1      | Reached XP level 2. HP: 19/19 MP: 1/5
   618 | D:1      | Learned a level 2 spell: Throw Frost
   937 | D:2      | Reached XP level 3. HP: 24/24 MP: 4/6
  1032 | D:2      | Reached skill level 4 in Ice Magic
  1211 | D:2      | Learned a level 3 spell: Ozocubu's Armour
  1528 | D:3      | Reached XP level 4. HP: 30/31 MP: 2/7
  1726 | D:3      | Found a shimmering altar of Xom.
  2125 | D:4      | Got a polished leather armour
  2128 | D:4      | Noticed an ogre
  2134 | D:4      | Killed an ogre
  2134 | D:4      | Reached skill level 1 in Short Blades
  2134 | D:4      | Reached skill level 5 in Ice Magic
  2134 | D:4      | Reached XP level 5. HP: 28/36 MP: 0/9
  2241 | D:4      | Reached skill level 1 in Conjurations
  2585 | D:4      | Reached XP level 6. HP: 28/42 MP: 3/10
  2591 | D:4      | Reached skill level 1 in Fighting
  3005 | D:4      | Learned a level 4 spell: Throw Icicle
  3065 | D:4      | Found an ornate altar of the Wu Jian Council.
  3223 | D:4      | Found a hazy altar of Hepliaklqana.
  3225 | D:4      | Found a bloodstained altar of Trog.
  3233 | D:4      | Reached XP level 7. HP: 49/49 MP: 2/12
  3464 | D:5      | Entered Level 5 of the Dungeon
  3632 | D:5      | Reached skill level 1 in Charms
  3681 | D:5      | Learned a level 4 spell: Summon Ice Beast
  3733 | D:5      | Found an iron altar of Okawaru.
  3835 | D:5      | Found a staircase to the Ecumenical Temple.
  3850 | Temple   | Entered the Ecumenical Temple
  3870 | Temple   | Became a worshipper of Sif Muna the Loreminder
  4108 | D:5      | Reached skill level 6 in Ice Magic
  4624 | D:6      | Reached XP level 8. HP: 51/55 MP: 10/15
  4635 | D:6      | Reached skill level 5 in Spellcasting
  4897 | D:6      | Reached skill level 1 in Summonings
  5048 | D:6      | Reached * piety under Sif Muna
  5573 | D:6      | Reached skill level 5 in Dodging
  5743 | D:6      | Learned a level 4 spell: Ice Form
  5770 | D:7      | Found a basalt altar of Yredelemnul.
  5770 | D:7      | Found a burning altar of Makhleb.
  5838 | D:7      | Noticed a wraith
  6161 | D:7      | Reached skill level 7 in Ice Magic
  6217 | D:7      | Reached XP level 9. HP: 51/62 MP: 11/18
  6275 | D:7      | Reached skill level 1 in Evocations
  6460 | D:7      | Reached skill level 1 in Polearms
  6460 | D:7      | Reached skill level 1 in Throwing
  6603 | D:7      | Reached ** piety under Sif Muna
  7228 | D:7      | Found a sacrificial altar of Ru.
  7630 | D:8      | Found Xusuc's Antique Armour Boutique.
  8014 | D:8      | HP: 1/63 [wyvern (17)]
  8565 | D:8      | Reached skill level 8 in Ice Magic
  8667 | D:8      | Reached skill level 5 in Polearms
  8834 | D:8      | Reached XP level 10. HP: 27/70 MP: 1/20
  9194 | D:8      | Learned a level 5 spell: Metabolic Englaciation
  9225 | D:8      | Found a staircase to the Lair.
  9326 | Lair:1   | Entered Level 1 of the Lair of Beasts
  9329 | Lair:1   | Noticed a spiny frog
  9408 | Lair:1   | Noticed Gastronok
 10138 | D:8      | Mangled by a spiny frog

Skill      XL: |  1  2  3  4  5  6  7  8  9 10 |
---------------+-------------------------------+-----
Ice Magic      | 4 5 6 7 8 |  8.7
Dodging        | 3 4 5 6 |  6.5
Short Blades   | 1 2 3 |  3.6
Conjurations   | 1 2 |  2.2
Spellcasting   | 3 4 6 7 |  7.8
Fighting       | 1 2 3 4 |  4.0
Stealth        | 3 |  3.7
Charms         | 1 2 3 |  3.0
Summonings     | 1 2 |  2.6
Evocations     | 1 |  1.1
Polearms       | 5 |  5.9
Throwing       | 1 |  1.1

Action                   |  1- 3 |  4- 6 |  7- 9 | 10-12 || total
-------------------------+-------+-------+-------+-------++-------
Melee: Short sword       |    17 |    57 |   112 |       ||   186
       Halberd           |       |       |   104 |    38 ||   142
Throw: Javelin           |     6 |       |     5 |     1 ||    12
 Cast: Freeze            |    32 |    39 |    51 |    10 ||   132
       Throw Frost       |     9 |     6 |    60 |    15 ||    90
       Ozocubu's Armour  |     1 |    10 |    32 |     7 ||    50
       Summon Ice Beast  |       |       |    21 |     8 ||    29
       Throw Icicle      |       |       |     4 |     5 ||     9
Evoke: Wand              |       |       |     2 |       ||     2
  Use: Scroll            |     6 |     2 |    10 |     1 ||    19
       Potion            |       |       |     3 |       ||     3
 Stab: Sleeping          |     1 |       |     2 |       ||     3
  Eat: Ration            |     1 |     2 |     8 |     1 ||    12
Armor: Robe              |    11 |    12 |    76 |    15 ||   114
Dodge: Dodged            |    27 |    47 |   209 |    37 ||   320
Block: Other             |     7 |    11 |    32 |    10 ||    60
       Reflection        |       |       |     6 |       ||     6
